 Dungeon Crawl Stone Soup version 0.30.1-11-g7821555f0a (webtiles) character file.

Game seed: 6126839962144111014

1647514 L4yla the Conqueror (level 25, 230/230 (231) HPs)
             Began as a Minotaur Fighter on May 11, 2023.
             Was a High Priest of Hepliaklqana.
             Escaped with the Orb
             ... and 3 runes on Nov 26, 2023!
             The game lasted 07:50:45 (69859 turns).

L4yla the Conqueror (Minotaur Fighter)             Turns: 69859, Time: 07:50:46

HP:   230/230 (231) AC: 33    Str: 30    XL:     25   Next: 97%
MP:   34/34         EV: 13    Int:  4    God:    Hepliaklqana [*****.]
Gold: 4227          SH: 34    Dex:  8    Spells: 24/24 levels left

rFire   + + +        Q - +6 broad axe (flame)
rCold   + + +        j - +7 tower shield {AC+3}
rNeg    + . .        H - +5 plate armour of the Black Moon {rF++ rC++ Str-4}
rPois   +            (helmet restricted)
rElec   +            u - scarf {rC+ rF+}
rCorr   .            (no gloves)
SInv    +            X - +2 pair of boots {Stlth+}
Will    ++...        i - amulet of reflection Stlth
                     v - ring of see invisible
HPRegen 0.58/turn    a - ring "Ponuyt" {Wiz rElec rPois rN+ Will+ Dex-4}
MPRegen 0.24/turn

%: random rage (3%), reflection, wizardry (x1)
@: studying Stealth, lightly drained
A: reduced essence, horns 2, retaliatory headbutt, berserk 1, mutation
resistance 1, strong 1
0: Orb of Zot
}: 3/15 runes: decaying, serpentine, slimy
a: Renounce Religion, Recall Ancestor, Ancestor Identity, Transference, Idealise


You escaped.
You worshipped Hepliaklqana.
Hepliaklqana was extremely pleased with you.
You visited 12 branches of the dungeon, and saw 53 of its levels.
You visited 1 bazaar.
You also visited: Bailey and Wizlab.

You collected 7423 gold pieces.
You spent 3196 gold pieces at shops.


Innate Abilities, Weirdness & Mutations

Your life essence is reduced to manifest your ancestor. (-10% HP)
You have a pair of horns on your head.
You reflexively headbutt those who attack you in melee.
You sometimes lose your temper in combat.
You are somewhat resistant to further mutation.
Your muscles are strong. (Str +4, Int/Dex -1)


   Skills:
 O Level 27 Fighting
 + Level 25.6 Axes
 + Level 25.3 Armour
 - Level 15.3 Dodging
 - Level 24.3 Shields
 - Level 16.1 Invocations
 - Level 12.5 Evocations


You had 24 spell levels left.
You didn't know any spells.
Your spell library contained the following spells:

 Spells                   Type           Power      Damage    Failure   Level
 Foxfire                  Conj/Fire      0%         2x1d4     58%         1
 Kiss of Death            Conj/Necr      0%         2d5       58%         1
 Magic Dart               Conj           0%         1d3       58%         1
 Necrotise                Necr           0%         1d4       58%         1
 Sandblast                Erth           0%         2d4       58%         1
 Shock                    Conj/Air       0%         1d3       58%         1
 Sting                    Tmut/Pois      0%         1d3       58%         1
 Summon Small Mammal      Summ           0%         N/A       58%         1
 Blink                    Tloc           0%         N/A       73%         2
 Call Imp                 Summ           0%         N/A       73%         2
 Cigotuvi's Dreadful Rot  Necr/Pois/Air  0%         N/A       73%         2
 Momentum Strike          Conj/Tloc      0%         3d8       73%         2
 Passwall                 Tmut/Erth      0%         N/A       73%         2
 Poisonous Vapours        Pois/Air       0%         N/A       73%         2
 Searing Ray              Conj           0%         2d4       73%         2
 Static Discharge         Conj/Air       0%         2-2/arc   73%         2
 Sublimation of Blood     Necr           0%         N/A       73%         2
 Call Canine Familiar     Summ           0%         N/A       91%         3
 Frozen Ramparts          Ice            0%         1d1       91%         3
 Gell's Gravitas          Tloc           0%         N/A       91%         3
 Ignite Poison            Fire/Tmut/Pois 0%         N/A       91%         3
 Mephitic Cloud           Conj/Pois/Air  0%         N/A       91%         3
 Ozocubu's Armour         Ice            0%         N/A       91%         3
 Portal Projectile        Hex/Tloc       0%         N/A       91%         3
 Stone Arrow              Conj/Erth      0%         3d7       91%         3
 Summon Guardian Golem    Hex/Summ       0%         N/A       91%         3
 Swiftness                Air            0%         N/A       91%         3
 Teleport Other           Tloc           0%         N/A       91%         3
 Tukima's Dance           Hex            0%         N/A       91%         3
 Vampiric Draining        Necr           0%         2d6       91%         3
 Vhi's Electric Charge    Tloc/Air       0%         N/A       91%         3
 Airstrike                Air            0%         2d(0-16)  100%        4
 Anguish                  Hex/Necr       0%         N/A       100%        4
 Animate Dead             Necr           0%         N/A       100%        4
 Cause Fear               Hex            0%         N/A       100%        4
 Dispel Undead            Necr           0%         3d6       100%        4
 Fulminant Prism          Conj/Hex       0%         3d5       100%        4
 Ice Form                 Ice/Tmut       0%         N/A       100%        4
 Iskenderun's Mystic Bla  Conj/Tloc      0%         2d3       100%        4
 Manifold Assault         Tloc           0%         N/A       100%        4
 Olgreb's Toxic Radiance  Pois           0%         N/A       100%        4
 Petrify                  Tmut/Erth      0%         N/A       100%        4
 Summon Ice Beast         Ice/Summ       0%         N/A       100%        4
 Agony                    Necr           0%         N/A       100%        5
 Arcjolt                  Conj/Air       0%         1d10      100%        5
 Blade Hands              Tmut           0%         N/A       100%        5
 Borgnjor's Vile Clutch   Necr/Erth      0%         N/A       100%        5
 Fireball                 Conj/Fire      0%         3d3       100%        5
 Freezing Cloud           Conj/Ice/Air   0%         6-21      100%        5
 Irradiate                Conj/Tmut      0%         3d11      100%        5
 Iskenderun's Battlesphe  Conj           0%         2d6       100%        5
 Metabolic Englaciation   Hex/Ice        0%         N/A       100%        5
 Silence                  Hex/Air        0%         N/A       100%        5
 Summon Forest            Summ/Tloc      0%         N/A       100%        5
 Summon Mana Viper        Hex/Summ       0%         N/A       100%        5
 Conjure Ball Lightning   Conj/Air       0%         3x3d6     100%        6
 Death Channel            Necr           0%         N/A       100%        6
 Dispersal                Tloc           0%         N/A       100%        6
 Plasma Beam              Fire/Air       0%         2x1d11    100%        6
 Simulacrum               Ice/Necr       0%         N/A       100%        6
 Starburst                Conj/Fire      0%         6d3       100%        6
 Summon Cactus Giant      Summ           0%         N/A       100%        6
 Enfeeble                 Hex            0%         N/A       100%        7
 Haunt                    Necr/Summ      0%         N/A       100%        7
 Malign Gateway           Summ/Tloc      0%         N/A       100%        7
 Orb of Destruction       Conj           0%         9d5       100%        7
 Storm Form               Tmut/Air       0%         N/A       100%        7
 Borgnjor's Revivificati  Necr           0%         N/A       100%        8
 Infestation              Necr           0%         N/A       100%        8
 Maxwell's Capacitive Co  Air            0%         ∞         100%        8
 Summon Horrible Things   Summ           0%         N/A       100%        8
 Chain Lightning          Conj/Air       0%         N/A       100%        9

Inventory:

Hand Weapons
 b - a +3 antimagic broad axe
 Q - a +6 broad axe of flaming (weapon)
Missiles
 T - 3 throwing nets {=f}
Armour
 g - the +1 pair of gloves of the Robin {rPois rC++ Int+3 Slay-6}
   (You found it on level 3 of the Lair of Beasts)

   Int:       It affects your intelligence (+3).
   Slay:      It affects your accuracy & damage with ranged weapons and melee
   (-6).
   rC:        It greatly protects you from cold.
   rPois:     It protects you from poison.
 j - a +7 tower shield of protection (worn)
 u - a scarf of resistance (worn)
 H - the +5 plate armour of the Black Moon (worn) {rF++ rC++ Str-4}
   (You found it in a bailey)

   Str:       It affects your strength (-4).
   rF:        It greatly protects you from fire.
   rC:        It greatly protects you from cold.
 X - a +2 pair of boots of stealth (worn)
Jewellery
 a - the ring "Ponuyt" (right hand) {Wiz rElec rPois rN+ Will+ Dex-4}
   (You bought it in a shop on level 2 of the Snake Pit)

   [ring of wizardry]

   It improves your spell success rate.
   Dex:       It affects your dexterity (-4).
   rElec:     It insulates you from electricity.
   rPois:     It protects you from poison.
   rN:        It protects you from negative energy.
   Will:      It increases your willpower.
 i - an amulet of reflection (around neck)
 m - the amulet of Oxkod {+Blink rPois rF+ Regen+}
   (You acquired it on level 13 of the Dungeon)

   [amulet of regeneration]

   rF:        It protects you from fire.
   rPois:     It protects you from poison.
   +Blink:    It lets you blink.
   Regen:     It increases your rate of health regeneration.
 v - a ring of see invisible (left hand)
 D - a +6 ring of dexterity
 I - a +6 ring of intelligence
 P - a ring of poison resistance
 W - a ring of willpower
 Z - the ring "Mijocw" {Fly Int+2}
   (You took it off an ironbound preserver on level 2 of the Vaults)

   [ring of flight]

   Int:       It affects your intelligence (+2).
   Fly:       It grants you flight.
Wands
 l - a wand of roots (39)
 q - a wand of flame (111)
 r - a wand of polymorph (30)
 B - a wand of light (30)
 N - a wand of charming (76)
 U - a wand of digging (4)
 V - a wand of mindburst (22)
Scrolls
 e - 5 scrolls of fear
 f - 8 scrolls of fog
 o - 9 scrolls of poison
 y - 14 scrolls of teleportation {@r2}
 A - 2 scrolls of blinking
 C - 3 scrolls of butterflies
 K - a scroll of magic mapping
 S - 6 scrolls of vulnerability
 Y - 6 scrolls of silence {!r}
Potions
 c - 3 potions of ambrosia
 h - 9 potions of brilliance
 k - 7 potions of heal wounds {@q2}
 n - 11 potions of flight
 p - 17 potions of curing {@q1}
 s - 11 potions of lignification
 x - 10 potions of attraction
 z - 10 potions of magic
 E - 4 potions of mutation
 J - 4 potions of cancellation
 M - 2 potions of berserk rage {!q}
 O - 4 potions of resistance
 R - 5 potions of might
Miscellaneous
 G - a phantom mirror (inert)
 L - a lightning rod (4/4)

Dungeon Overview and Level Annotations

Branches:
Dungeon (15/15)            Temple (1/1) D:4            Lair (5/5) D:9
  Swamp (4/4) Lair:3        Snake (4/4) Lair:3        Slime (5/5) Lair:4
    Orc (2/2) D:10            Elf (3/3) Orc:2        Vaults (4/5) D:13
  Crypt (0/3) Vaults:3     Depths (4/4) D:15           Hell (visited)
    Zot (5/5) Depths:4     Bailey (visited)          WizLab (visited)
    Dis: Hell:1         Geh: Hell:1         Coc: Hell:1         Tar: Hell:1

Altars:
Ashenzari
Cheibriados
Dithmenos
Elyvilon
Fedhas
Gozag
Hepliaklqana
Kikubaaqudgha
Makhleb
Nemelex Xobeh
Okawaru
Qazlal
Ru
Sif Muna
Trog
Uskayaw
Vehumet
Wu Jian
Xom
Yredelemnul
Zin
The Shining One
Jiyva
Lugonu

Shops:
D:5 [   D:11 ?*?*   D:14 (   D:15 [   Orc:1 [   Orc:2 ([*=*=   Elf:3 =
Snake:2 =   Vaults:2 **!   Vaults:3 [[*?*   Depths:3 :=:   Depths:4 ?*(*

Portals:
Hell: Depths:1 Depths:2 Depths:3 Depths:4
Abyss: Snake:1 Depths:1 Depths:2 Depths:3
Pandemonium: Depths:1 Depths:2
Ziggurat: Depths:3

Annotations:
D:4 1 runed translucent door, MothFluffs's ghost, novice GrFi
D:5 !Double headed giant
D:9 3 runed translucent doors, SecretSquirrel's ghost, novice DsGl
Swamp:3 Roxanne
Snake:1 2 transporters, Angrytalen2's ghost, journeyman GrMo
Hell Geryon
Zot:5 1 runed translucent door, 1 exclusion, wilo's ghost, master MfBe

#...## #.#### #.# ###..#
########### #.######
##.###~~~~~~~○~## #..).... ##
#..#~~~☼~~~~~~○# ######## .#
##.#~~▓~~☼~▓~~~# .#
#.#~~~~~~~~☼~~#
.########.#~~~~~~§~~~~#
........#.###############
###........'...R@....)).#########
#.......#############..........
#.......#~~~~~~~~~~~#.........#
###.......#~~°~~~~~~~~########...
..........#~~▓~○~~▓~~~# ##....
#.#>......#~~☼~~~~~~~~# #.....
#.#.......##~~~~~~~~~## ##..).
#.#........########### ##...
#...........##.# #..#


You could see the friendly Arta the hexer.


Message History

You climb upwards.
Natasha hisses angrily.
There is a stone staircase leading down here.
You chop Natasha into pieces!!! You burn Natasha.
You kill Natasha!
k - 7 potions of heal wounds {@q2} (gained 1)
An Executioner comes into view.
You block the Executioner's attack. The Executioner completely misses you.
You block the Executioner's attack.
You slash the Executioner! You burn the Executioner.
You headbutt the Executioner!!
The Executioner is heavily wounded.
You block the Executioner's attack. x3
You cut the Executioner into ribbons!!! You burn the Executioner!
You kill the Executioner!
Arta emerges from the mists of memory!
Things that are here:
a +0 robe; a +0 dagger
There is a stone staircase leading up here.
Things that are here:
a +0 chain mail; a +0 hand axe You climb upwards.
There is a stone staircase leading down here.
There is a stone staircase leading up here.
You can't go down here!
You climb upwards.
There is a stone staircase leading down here.
There is an open door here.
There is a staircase leading out of the dungeon here.
You have escaped!

Skill      XL: |  1  2  3  4  5  6  7  8  9 10 11 12 13 14 15 16 17 18 19 20 21 22 23 24 25 |
---------------+----------------------------------------------------------------------------+-----
Axes           | 3 4 5 6 8 9 11 12 13 14 16 18 20 23 25 | 25.6
Invocations    | 3 6 8 9 12 14 16 | 16.1
Fighting       | 4 6 8 10 11 13 14 15 16 18 21 23 26 27 | 27.0
Armour         | 4 6 8 10 13 15 17 21 23 25 | 25.3
Shields        | 5 6 9 11 13 17 20 22 24 | 24.3
Dodging        | 5 8 10 12 15 | 15.3
Evocations     | 3 6 10 11 12 | 12.5

Action                     |  1- 3 |  4- 6 |  7- 9 | 10-12 | 13-15 | 16-18 | 19-21 | 22-24 | 25-27 || total
---------------------------+-------+-------+-------+-------+-------+-------+-------+-------+-------++-------
  Melee: War axe           |    67 |    77 |   189 |   582 |   586 |       |       |       |       ||  1501
         Headbutt          |     6 |    18 |    41 |   141 |   188 |   316 |   311 |   509 |   132 ||  1662
         Whip              |       |       |       |     6 |    24 |    20 |       |       |       ||    50
         Broad axe         |       |       |       |       |    75 |  1089 |   995 |  1538 |   486 ||  4183
 Invoke: Ancestor Identity |       |       |     2 |     1 |       |       |       |       |       ||     3
         Recall Ancestor   |       |       |     2 |     5 |     2 |    11 |     4 |    13 |    10 ||    47
         Ancestor Life: He |       |       |     1 |       |       |       |       |       |       ||     1
         Transference      |       |       |       |     1 |     3 |     4 |     7 |     7 |     2 ||    24
         Idealise          |       |       |       |       |     1 |     3 |     3 |     6 |     2 ||    15
  Evoke: Wand              |       |       |       |     4 |       |     5 |       |     3 |     2 ||    14
         Lightning rod     |       |       |       |       |     3 |    11 |     6 |    13 |       ||    33
         Phantom mirror    |       |       |       |       |       |       |       |       |     1 ||     1
    Use: Potion            |       |     1 |       |     1 |     5 |     4 |     2 |    21 |     2 ||    36
         Scroll            |       |       |     5 |    17 |    11 |    16 |     3 |    22 |     1 ||    75
   Stab: Confused          |       |       |     2 |    16 |    17 |    19 |    52 |    44 |    10 ||   160
         Distracted        |       |       |       |     6 |    21 |    24 |    14 |    19 |     8 ||    92
         Paralysed         |       |       |       |       |     3 |    71 |    88 |   106 |    20 ||   288
         Invisible         |       |       |       |       |       |       |       |     4 |       ||     4
 Armour: Scale mail        |    21 |     5 |       |       |       |       |       |       |       ||    26
         Chain mail        |       |    41 |    73 |    71 |       |       |       |       |       ||   185
         Plate armour      |       |       |       |   203 |   404 |   612 |   288 |   478 |   100 ||  2085
  Dodge: Dodged            |    24 |    34 |    39 |   264 |   295 |   408 |   238 |   289 |    63 ||  1654
  Block: Buckler           |     7 |     8 |    23 |    96 |   121 |       |       |       |       ||   255
         Kite shield       |       |       |       |       |    46 |   962 |   679 |   134 |       ||  1821
         Tower shield      |       |       |       |       |       |       |       |  1442 |   394 ||  1836
         Reflection        |       |       |       |       |       |       |       |    49 |     6 ||    55

Levels and vault maps discovered:
D:1:      saegor_arrival_miasma, layout_loops_ring,
          nicolae_concentric_dashed_squares_mild, serial_park_tiny_2,
          grunt_decor_cap, fountainhead, chequers_arboretum
D:2:      layout_loops_ring
D:3:      layout_basic, uniq_natasha
D:4:      layout_basic, kiku_gazebo_pond_becter, temple_pool_b,
          ebering_ghost_sewer_d, eino_tiny_chamber, kennysheep_generic_room_15,
          uniq_eustachio
D:5:      layout_loops_corners, serial_shops, nicolae_shop_just_a_little_nook,
          hangedman_decor_opposing, uniq_duvessa
D:6:      lemuel_castle_with_subvaults [lemuel_castle_interior_carwin_1],
          layout_gridville, nicolae_titane, uniq_maggie, uniq_sigmund
D:7:      layout_basic, serial_bayou, serial_bayou_shore_a,
          serial_bayou_lagoon_a, serial_bayou_ford_a, serial_bayou_lake_a,
          hangedman_decor_lopped, nrook_mini_vaults
D:8:      layout_loops_ring, mainiacjoe_overflow_alcove_3, enter_bailey_5,
          serial_bayou, serial_bayou_pond_e, serial_bayou_pond_a,
          serial_bayou_pond_d, serial_bayou_pond_e, uniq_maurice
D:9:      layout_basic, minmay_lair_entry_grove, gammafunk_ghost_spectres,
          onia_ninara_dug_in_and_dangerous
D:10:     layout_basic, mainiacjoe_overflow_paths, zombieorc1_lemuel
D:11:     layout_irregular_city, serial_shops, shop, shop,
          nicolae_shop_tiny_real_fake_doors, shop, nicolae_shop_statue_plus
D:12:     layout_gridville
D:13:     layout_grid_maze, david_vaults_3, grunt_dithmenos_shadows
D:14:     layout_basic, minmay_fountain_box, serial_shops,
          nicolae_shop_mannequins
D:15:     grunt_enter_depths_magical_seal, layout_basic, serial_shops,
          nicolae_shop_behind_doors, chequers_serial_rivers_large_a,
          nicolae_hepliaklqana_hippocampus, uniq_azrael
Temple:   nicolae_temple_superstar
Lair:1:   layout_loops_ring, grunt_megastairs_1, uniq_urug
Lair:2:   layout_cave_pods
Lair:3:   layout_big_grid, skrybe_swamp_entry_bodies, dummy_snake_entry
Lair:4:   layout_concentric_octagons, slime_entry_1
Lair:5:   minmay_lair_end_enchanted_forest, layout_cave_shapes
Swamp:1:  layout_falls_marsh, evilmike_swamp_ruin_house_3, uniq_kirke
Swamp:2:  nicolae_swamp_tree_isthmus, layout_falls_marsh,
          evilmike_swamp_ruin_house_6
Swamp:3:  layout_falls_marsh, hangedman_swamp_ruin_wall, uniq_roxanne
Swamp:4:  byrel_swamp_growth_death_and_undeath, layout_basic_swamp, uniq_donald
Snake:1:  layout_grid_maze, gammafunk_ghost_abyssal_escape, evilmike_ambush
          [evilmike_ambush_outer_basic, evilmike_ambush_inner_cross],
          grunt_megastairs_4
Snake:2:  nicolae_snake_unarmed_stairs_patrol, layout_gridlike,
          nicolae_shop_unique_rings, st_stairs_3, abandoned_shop,
          corexii_hall_statues_i, nicolae_snake_snakes_in_the_grass,
          grunt_megastairs_5, serial_bayou_shore_b
Snake:3:  layout_cave_town, uniq_louise, uniq_asterion, uniq_aizul, uniq_vashnia
Snake:4:  minmay_snake_end_coiled, layout_misc_corridors
Slime:1:  layout_caves
Slime:2:  layout_caves
Slime:3:  layout_caves, nicolae_slime_phagocytosis
Slime:4:  cheibrodos_slime_lost_civilization_1, layout_caves
Slime:5
Orc:1:    layout_caves, serial_shops, nicolae_shop_trees, uniq_jorgrun
Orc:2:    st_orc_congregation, layout_diamond_mine,
          minmay_shop_enchanted_jewellery, nicolae_alphabet_shops
Elf:1:    eino_elf_arrival_customs, layout_geoelf_diagonals,
          minmay_elf_necromancy, hangedman_decor_cross_pass
Elf:2:    nicolae_elf_blades_crystal_corner, layout_loops_cross,
          dreamdust_wishing_well
Elf:3:    minmay_elf_hall_quartered_circle, layout_geoelf_castle, serial_shops,
          shop, uniq_bai_suzhen
Vaults:1: mu_enter_wizlab_4, nicolae_vaults_cochlea, vaults_mumra_hex,
          hangedman_vaults_cutoff, hangedman_vaults_trim,
          nicolae_vaults_surprise_closet, grunt_vaults_hallway_short,
          nicolae_vaults_theta, nicolae_vaults_double_plus_1,
          layout_vaults_omnigrid
Vaults:2: hangedman_vaults_corner_blocks, v_rooms_2,
          nicolae_vaults_big_angled_halls, nicolae_vaults_wrenched,
          nicolae_vaults_quadrants, vaults_room_corners,
          nicolae_vaults_wine_cellar, nicolae_vaults_tetromino_L_1,
          nicolae_vaults_storage_closets_1, nicolae_vaults_network_periphery,
          hangedman_vaults_impose, vaults_room_hallway,
          nicolae_vaults_hexular_roomagon, ontoclasm_vaults_bender,
          vaults_room_large_hall, layout_vaults_omnibox, serial_shops,
          freezing_bzr, shop, shop, nicolae_shop_pleasant_corner_grove
Vaults:3: blue_anna_dwarven_crypt, grunt_vaults_trifunnel,
          nicolae_vaults_yaktaur_gun_rack, nicolae_vaults_weapon_check,
          vaults_room_corners, nicolae_vaults_ellipses_ellipsis,
          nicolae_vaults_storage_room_water, nicolae_vaults_trapezoid_4,
          nicolae_vaults_heist, nicolae_vaults_little_squares_1,
          vaults_room_hangedman_quadrants, nicolae_vaults_ring_of_whatevers,
          layout_vaults_big_room, serial_shops, nicolae_shop_behind_doors, shop,
          nicolae_shop_real_fake_doors, shop, nicolae_shop_stone
Vaults:4: nicolae_vaults_closet_pinwheel_1, nicolae_vaults_door_testing_chamber,
          vaults_room_corners, nicolae_vaults_little_squares_4,
          ontoclasm_vaults_shout, v_misc_11, vaults_dpeg_ring,
          hangedman_vaults_stitches, nicolae_vaults_network_star,
          ontoclasm_vaults_idyll, layout_vaults_big_cross
Depths:1: hangedman_box_tower, layout_honeycomb,
          nicolae_qazlal_style_of_elements, rand_demon_pan_entry_8,
          nicolae_abyss_entry_one_way_or_another, pf_hell_entry_tar_river,
          dk_noncrumbling_3, lemuel_zombie_altar_yredelemnul
Depths:2: kennysheep_water_balloons, layout_basic, grunt_pan_entry_in_and_out,
          grunt_hell_entry_dis_grunt, kennysheep_flooded_box, abyss_entry,
          st_stairs_13
Depths:3: little_maze_vault, layout_basic, enter_ziggurat_e, abyss_entry,
          hell_entry, grunt_decor_mini_mirrors, reono_crystal_passage,
          minmay_misc_feat_iff, tgw_lugonu_bribe,
          minmay_staircase_windowed_small, minmay_shop_grove
Depths:4: grunt_zot_entry_pinwheel, layout_gridlike, hell_entry,
          kennysheep_pointless_box, nicolae_wu_jian_immortal_techniques,
          minmay_shoptagon
Hell
Zot:1:    circus_mu, layout_basic, drop_trap
Zot:2:    gammafunk_mikee_crab_dinner, layout_misc_corridors
Zot:3:    layout_concentric_octagons, uniq_vv
Zot:4:    layout_cellular_growth, hangedman_spider_trapstep
Zot:5:    layout_gridlike, hellmonk_ghost_happy_afterlife, grunt_ministairs_10

Notes
Turn   | Place    | Note
-------+----------+-------------------------------------------
     0 | D:1      | L4yla the Minotaur Fighter began the quest for the Orb.
     0 | D:1      | Reached XP level 1. HP: 19/19 MP: 0/0
    82 | D:1      | Reached skill level 3 in Axes
    90 | D:1      | Reached XP level 2. HP: 24/26 MP: 1/1
   372 | D:1      | Reached skill level 4 in Axes
   558 | D:1      | Reached XP level 3. HP: 31/31 MP: 2/2
   869 | D:2      | Got the Papyrus of Doom
  1142 | D:2      | Reached skill level 5 in Axes
  1307 | D:2      | Reached XP level 4. HP: 39/39 MP: 3/3
  1471 | D:3      | Noticed Natasha
  1476 | D:3      | Killed Natasha
  1672 | D:3      | Reached skill level 6 in Axes
  1749 | D:3      | Noticed Natasha
  1945 | D:3      | Killed Natasha
  1946 | D:3      | Reached XP level 5. HP: 45/45 MP: 4/4
  1952 | D:3      | Noticed a black bear
  1956 | D:3      | Killed a black bear
  1957 | D:3      | Reached skill level 7 in Axes
  2240 | D:4      | Found a runed translucent door.
  2248 | D:4      | Noticed MothFluffs's ghost (novice GrFi)
  2252 | D:4      | Found a staircase to the Ecumenical Temple.
  2263 | D:4      | Noticed Eustachio
  2265 | Temple   | Entered the Ecumenical Temple
  2447 | Temple   | Became a worshipper of Hepliaklqana the Forgotten
  2644 | D:4      | Reached skill level 8 in Axes
  2644 | D:4      | Reached XP level 6. HP: 51/51 MP: 5/5
  2809 | D:4      | Found an ancient bone altar of Kikubaaqudgha.
  2863 | D:4      | Killed Eustachio
  2864 | D:4      | Reached skill level 9 in Axes
  2966 | D:4      | Reached XP level 7. HP: 57/57 MP: 6/6
  3135 | D:4      | Reached skill level 10 in Axes
  3152 | D:4      | Identified the +5 whip of Guugaed {heavy, Str+2}
  3191 | D:4      | Reached * piety under Hepliaklqana
  3423 | D:5      | Entered Level 5 of the Dungeon
  3567 | D:5      | Noticed a two-headed ogre
  3780 | D:5      | Reached skill level 11 in Axes
  3807 | D:5      | Reached XP level 8. HP: 46/57 MP: 7/7
  3995 | D:5      | Noticed Dowan
  3996 | D:5      | Noticed Duvessa
  4036 | D:5      | Killed Dowan
  4206 | D:5      | Reached ** piety under Hepliaklqana
  4207 | D:5      | Remembered your ancestor Arta as a hexer
  4232 | D:5      | Reached skill level 12 in Axes
  4473 | D:5      | Killed Duvessa
  4612 | D:6      | Reached skill level 1 in Invocations
  4732 | D:6      | Reached skill level 4 in Fighting
  4732 | D:6      | Reached skill level 4 in Armour
  4857 | D:6      | Reached skill level 2 in Invocations
  5101 | D:6      | Noticed Maggie
  5116 | D:6      | Killed Maggie
  5117 | D:6      | Reached skill level 3 in Invocations
  5117 | D:6      | Reached XP level 9. HP: 11/65 MP: 10/10
  5514 | D:6      | Reached skill level 5 in Fighting
  5514 | D:6      | Reached skill level 13 in Axes
  5514 | D:6      | Reached skill level 5 in Armour
  5515 | D:6      | Reached skill level 4 in Invocations
  5993 | D:6      | Reached skill level 5 in Invocations
  5994 | D:6      | Noticed a cyclops
  6075 | D:6      | Reached skill level 6 in Armour
  6111 | D:6      | Reached skill level 6 in Fighting
  6416 | D:6      | Upgraded the game from 0.30.0-5-g1a98f26d00 to
                  | 0.30.0-17-ge0270778cf
  6448 | D:6      | Killed a cyclops
  6449 | D:6      | Reached skill level 6 in Invocations
  6449 | D:6      | Reached XP level 10. HP: 61/75 MP: 13/13
  6639 | D:6      | Upgraded the game from 0.30.0-17-ge0270778cf to
                  | 0.30.0-18-gc0e69614cb
  6805 | D:5      | Found Wyithell's Armour Emporium.
  6867 | D:6      | Noticed Sigmund
  6873 | D:6      | Killed Sigmund
  7292 | D:7      | Reached *** piety under Hepliaklqana
  7642 | D:7      | Reached skill level 7 in Armour
  7695 | D:7      | Reached skill level 7 in Fighting
  7699 | D:7      | Reached skill level 7 in Invocations
  8640 | D:8      | Noticed Maurice
  8642 | D:8      | Upgraded the game from 0.30.0-18-gc0e69614cb to
                  | 0.30.0-19-g36f170ea60
  8656 | D:8      | Killed Maurice
  8657 | D:8      | Reached skill level 14 in Axes
  8715 | D:8      | Found a flagged portal.
  8744 | Bailey   | Entered a bailey
  8898 | Bailey   | Noticed a gargoyle
  8914 | Bailey   | Killed a gargoyle
  8915 | Bailey   | Reached skill level 8 in Invocations
  8998 | Bailey   | Reached **** piety under Hepliaklqana
  8999 | Bailey   | Identified the +1 scale mail of the Little Devil {Contam
                  | Harm Int+2}
  9013 | Bailey   | HP: 3/79 [something (14)]
  9250 | Bailey   | Identified the +1 halberd of the Purse {distort, rPois rN+
                  | Will+}
  9257 | Bailey   | Identified the +5 plate armour of the Black Moon {rF++ rC++
                  | Str-4}
  9407 | Bailey   | Reached skill level 8 in Fighting
  9418 | Bailey   | Reached skill level 8 in Armour
  9787 | D:8      | Upgraded the game from 0.30.0-19-g36f170ea60 to
                  | 0.30.0-29-ga12c61a403
  9904 | D:8      | Found a burning altar of Makhleb.
  9904 | D:8      | Found a sacrificial altar of Ru.
  9906 | D:8      | Found a shadowy altar of Dithmenos.
  9906 | D:8      | Found a broken altar of Ashenzari.
 10025 | D:9      | Found a runed translucent gate.
 10025 | D:9      | Found a runed translucent gate.
 10038 | D:9      | Found a runed translucent gate.
 10042 | D:9      | Noticed SecretSquirrel's ghost (novice DsGl)
 10075 | D:9      | Reached XP level 11. HP: 84/84 MP: 16/16
 10446 | D:9      | Found a staircase to the Lair.
 10538 | D:9      | Noticed a centaur warrior
 10538 | D:9      | Noticed an orc knight
 10540 | D:9      | Noticed a boulder beetle
 10542 | D:9      | Noticed a two-headed ogre
 10763 | D:10     | Entered Level 10 of the Dungeon
 10888 | D:10     | Reached skill level 15 in Axes
 10890 | D:10     | Identified the +0 scale mail "Veymewn" {Dex+4}
 11116 | D:10     | Found a stormy altar of Qazlal.
 11254 | D:10     | Reached skill level 9 in Fighting
 11428 | D:10     | Reached skill level 9 in Armour
 11458 | D:10     | Found a staircase to the Orcish Mines.
 12009 | D:11     | Found Bukk's Magic Scroll Boutique.
 12088 | D:11     | Reached ***** piety under Hepliaklqana
 12151 | D:11     | Noticed a two-headed ogre
 12305 | Orc:1    | Entered Level 1 of the Orcish Mines
 12416 | D:11     | Upgraded the game from 0.30.0-29-ga12c61a403 to 0.30.1
 12446 | D:11     | Noticed a seven-headed hydra
 12454 | D:11     | Killed a seven-headed hydra
 12510 | D:11     | Killed a two-headed ogre
 12597 | D:11     | Reached skill level 16 in Axes
 12710 | D:11     | Found Zyeh Kao's Armour Shop.
 12759 | D:11     | Found Imil Yno's Assorted Antiques.
 12860 | D:11     | Found Silun's Magic Scroll Shoppe.
 12868 | D:11     | Bought a scroll of teleportation for 36 gold pieces
 12868 | D:11     | Bought a scroll of poison for 48 gold pieces
 12890 | D:11     | Found Zevuina's Assorted Antiques.
 12939 | D:11     | Reached skill level 4 in Shields
 13280 | Lair:1   | Entered Level 1 of the Lair of Beasts
 13393 | Lair:1   | Reached skill level 10 in Fighting
 13400 | Lair:1   | Reached skill level 10 in Armour
 13589 | Lair:1   | Reached skill level 5 in Shields
 13589 | Lair:1   | Reached XP level 12. HP: 66/95 MP: 17/17
 14076 | Lair:1   | Reached skill level 1 in Dodging
 14439 | Lair:2   | Reached skill level 2 in Dodging
 14514 | Lair:2   | Reached skill level 11 in Armour
 14586 | Lair:2   | Reached skill level 3 in Dodging
 14662 | Lair:2   | Noticed a seven-headed hydra
 14716 | Lair:2   | Killed a seven-headed hydra
 14717 | Lair:2   | Reached skill level 11 in Fighting
 15108 | Lair:2   | Reached skill level 12 in Armour
 15124 | Lair:2   | Reached skill level 4 in Dodging
 15400 | Lair:2   | Identified a potion of resistance
 15531 | Lair:3   | Noticed a death yak
 15531 | Lair:3   | Noticed a death yak
 15532 | Lair:3   | Noticed a death yak
 15533 | Lair:3   | Noticed a death yak
 15542 | Lair:3   | Killed a death yak
 15542 | Lair:3   | Noticed a death yak
 15543 | Lair:3   | Killed a death yak
 15545 | Lair:3   | Killed a death yak
 15546 | Lair:3   | Killed a death yak
 15547 | Lair:3   | Reached skill level 5 in Dodging
 15549 | Lair:3   | Reached skill level 13 in Armour
 15554 | Lair:3   | Killed a death yak
 15559 | Lair:3   | Reached XP level 13. HP: 87/105 MP: 18/18
 15752 | Lair:3   | Identified the +1 pair of gloves of the Robin {rPois rC++
                  | Int+3 Slay-6}
 15780 | Lair:3   | Reached skill level 12 in Fighting
 15822 | Lair:3   | Found a staircase to the Snake Pit.
 15837 | Lair:3   | Found a staircase to the Swamp.
 15885 | Lair:3   | Upgraded the game from 0.30.1 to 0.30.1-1-g62c8e00024
 16281 | Lair:4   | Reached skill level 6 in Dodging
 16313 | Lair:4   | Reached skill level 14 in Armour
 16532 | Lair:4   | Identified the +0 robe "Beskaoz" {Harm rC+++ Regen+ Dex-3}
 16694 | Lair:4   | Found a staircase to the Slime Pits.
 16694 | Lair:4   | Found a viscous altar of Jiyva.
 17275 | Lair:5   | Entered Level 5 of the Lair of Beasts
 17541 | Lair:5   | Reached skill level 7 in Dodging
 17736 | Lair:5   | Reached ****** piety under Hepliaklqana
 17777 | Lair:5   | Reached skill level 15 in Armour
 17791 | Lair:5   | Reached skill level 13 in Fighting
 17999 | Lair:5   | Upgraded the game from 0.30.1-1-g62c8e00024 to
                  | 0.30.1-9-gdf580d7c3d
 18111 | Lair:5   | Paralysed by a hornet for 3 turns
 18114 | Lair:5   | Upgraded the game from 0.30.1-9-gdf580d7c3d to
                  | 0.30.1-11-g7821555f0a
 18455 | Lair:5   | Reached skill level 8 in Dodging
 18578 | Lair:5   | Reached XP level 14. HP: 116/116 MP: 19/19
 18703 | Lair:5   | Reached skill level 16 in Armour
 19343 | Orc:1    | Noticed Jorgrun
 20070 | D:13     | Noticed Rupert
 20070 | D:13     | Noticed Urug
 20070 | D:13     | Found a gate to the Vaults.
 20103 | D:13     | Reached skill level 14 in Fighting
 20110 | D:13     | Reached skill level 9 in Dodging
 20378 | D:13     | Killed Urug
 20379 | D:13     | Reached skill level 17 in Armour
 20555 | D:13     | Killed Rupert
 20556 | D:13     | Reached skill level 1 in Evocations
 21374 | D:13     | Reached skill level 2 in Evocations
 21720 | D:13     | Found a shadowy altar of Dithmenos.
 22205 | D:14     | Found Kuenekha's Weapon Boutique.
 22343 | D:13     | Identified 2 scrolls of acquirement
 22343 | D:13     | Acquired the +5 kite shield of Truth {rElec rF+ Str+3
                  | Slay+5}
 22356 | D:13     | Acquired the amulet of Oxkod {+Blink rPois rF+ Regen+}
 22891 | D:15     | Entered Level 15 of the Dungeon
 22993 | D:15     | Reached skill level 6 in Shields
 22996 | D:15     | Reached skill level 10 in Dodging
 23087 | D:15     | Noticed Azrael
 23097 | D:15     | Killed Azrael
 23098 | D:15     | Reached skill level 3 in Evocations
 23219 | D:15     | Reached XP level 15. HP: 125/125 MP: 20/20
 23406 | D:15     | Found Toavexuo's Armour Boutique.
 23408 | D:15     | Identified a potion of experience
 23411 | D:15     | Reached skill level 9 in Shields
 23411 | D:15     | Reached XP level 16. HP: 132/132 MP: 21/21
 23487 | D:15     | Found a hazy altar of Hepliaklqana.
 23695 | D:15     | Reached skill level 4 in Evocations
 23873 | D:15     | Reached skill level 10 in Shields
 23897 | D:15     | Reached skill level 15 in Fighting
 23912 | D:15     | Found a staircase to the Depths.
 24134 | Orc:1    | Killed Jorgrun
 24389 | Orc:2    | Entered Level 2 of the Orcish Mines
 24405 | Orc:2    | Found Wuluiczo's Whimsical Warehouse.
 24461 | Orc:2    | Reached skill level 5 in Evocations
 24521 | Orc:2    | Found a staircase to the Elven Halls.
 24549 | Orc:1    | You fall into a shaft and drop 1 floor!
 24564 | Orc:1    | Found Uxte's Antique Armour Boutique.
 24782 | Orc:1    | Reached skill level 11 in Shields
 25076 | Orc:2    | Found Fulalih's General Store.
 25077 | Orc:2    | Found Wokli's Jewellery Shoppe.
 25079 | Orc:2    | Found Viselydo's Antique Armour Emporium.
 25079 | Orc:2    | Found Plog's Antique Weapon Emporium.
 25084 | Orc:2    | Bought a scroll of brand weapon for 161 gold pieces
 25086 | Orc:2    | Bought a ring of willpower for 325 gold pieces
 25241 | Orc:2    | Found Vaicavvu's Jewellery Boutique.
 25464 | Swamp:1  | Entered Level 1 of the Swamp
 25496 | Swamp:1  | Reached skill level 17 in Axes
 25565 | Swamp:1  | Noticed Kirke
 25585 | Swamp:1  | Killed Kirke
 26013 | Swamp:1  | Reached skill level 18 in Axes
 26790 | Swamp:3  | Acquired a +2 broad axe of flaming
 26870 | Swamp:3  | Identified Roxanne's Tome of Mud
 26870 | Swamp:3  | Noticed Roxanne
 27116 | Swamp:4  | Entered Level 4 of the Swamp
 27132 | Swamp:4  | Noticed a thorn hunter
 27141 | Swamp:3  | Reached skill level 6 in Evocations
 27179 | Swamp:3  | Reached XP level 17. HP: 107/140 MP: 22/22
 27294 | Swamp:3  | Reached skill level 19 in Axes
 27391 | Swamp:4  | Reached skill level 7 in Evocations
 27391 | Swamp:4  | Noticed Donald
 27421 | Swamp:3  | Killed Donald
 27977 | Swamp:4  | Reached skill level 16 in Fighting
 27981 | Swamp:4  | Reached skill level 8 in Evocations
 28560 | Swamp:4  | Found a blossoming altar of Fedhas.
 28570 | Swamp:4  | Found a basalt altar of Yredelemnul.
 28711 | Swamp:4  | Got a decaying rune of Zot
 28766 | Snake:1  | Entered Level 1 of the Snake Pit
 28774 | Lair:3   | Reached skill level 9 in Evocations
 29062 | Snake:1  | Noticed Angrytalen2's ghost (journeyman GrMo)
 29091 | Snake:1  | Found a transporter.
 29095 | Snake:1  | Found a transporter.
 29095 | Snake:1  | Found a one-way gate to the infinite horrors of the Abyss.
 29860 | Snake:2  | Reached skill level 20 in Axes
 29980 | Snake:2  | Reached skill level 10 in Evocations
 29983 | Snake:2  | Reached skill level 9 in Invocations
 30033 | Snake:2  | Reached XP level 18. HP: 96/151 MP: 22/24
 30036 | Snake:2  | Reached skill level 17 in Fighting
 30418 | Snake:2  | Reached skill level 10 in Invocations
 30438 | Snake:2  | Found Ongaq's One-of-a-Kind Rings.
 31195 | Snake:3  | Noticed Aizul
 31207 | Snake:3  | Killed Aizul
 31388 | Snake:3  | Reached skill level 11 in Invocations
 31493 | Snake:3  | Noticed Vashnia
 31648 | Snake:3  | Noticed Asterion
 31657 | Snake:3  | Killed Asterion
 31778 | Snake:3  | Noticed Louise
 31786 | Snake:3  | Killed Louise
 31978 | Snake:3  | Killed Vashnia
 31979 | Snake:3  | Reached skill level 11 in Evocations
 32326 | Snake:4  | Entered Level 4 of the Snake Pit
 32584 | Snake:4  | Reached skill level 18 in Fighting
 32584 | Snake:4  | Reached skill level 12 in Invocations
 33585 | Snake:4  | Got a serpentine rune of Zot
 33898 | Vaults:1 | Entered Level 1 of the Vaults
 33908 | Vaults:1 | Reached XP level 19. HP: 133/162 MP: 27/27
 33912 | Vaults:1 | Reached skill level 13 in Invocations
 33991 | Vaults:1 | Found a magical portal.
 34008 | WizLab   | Entered Eringya's Formal Garden
 34108 | WizLab   | Got Further Progress in Hermetics
 34401 | WizLab   | Reached skill level 12 in Evocations
 34498 | WizLab   | Found a blossoming altar of Fedhas.
 34969 | Vaults:1 | Reached skill level 14 in Invocations
 34974 | Vaults:1 | Reached skill level 19 in Fighting
 35082 | Vaults:1 | You fall into a shaft and drop 1 floor!
 35107 | Vaults:2 | Found Xouhuat's General Store.
 35126 | Vaults:2 | Found a flickering gateway to a bazaar.
 35139 | Bazaar   | Entered a bazaar
 35139 | Bazaar   | Found Leiff's Magic Scroll Shoppe.
 35139 | Bazaar   | Found Eruytt's Armour Emporium.
 35139 | Bazaar   | Found Xagaetun's General Store.
 35148 | Bazaar   | Bought a scroll of teleportation for 30 gold pieces
 35148 | Bazaar   | Bought a scroll of teleportation for 30 gold pieces
 35148 | Bazaar   | Bought a scroll of teleportation for 30 gold pieces
 35148 | Bazaar   | Bought a scroll of blinking for 75 gold pieces
 35148 | Bazaar   | Bought a scroll of blinking for 75 gold pieces
 35156 | Bazaar   | Bought 2 potions of heal wounds for 190 gold pieces
 35156 | Bazaar   | Bought a potion of mutation for 152 gold pieces
 35156 | Bazaar   | Bought a potion of heal wounds for 95 gold pieces
 35552 | Vaults:2 | Found Ulaix's Assorted Antiques.
 35819 | Vaults:2 | Reached skill level 12 in Shields
 35853 | Vaults:2 | Found Sienoc's Distillery.
 35864 | Vaults:2 | Reached skill level 20 in Fighting
 36356 | Vaults:2 | Identified the ring "Mijocw" {Fly Int+2}
 37415 | Vaults:3 | Acquired a manual of Shields
 37425 | Vaults:3 | Found Amneqoch's Antique Armour Shop.
 37462 | Vaults:3 | Found Vieheef's Assorted Antiques.
 37529 | Vaults:3 | Found Erreuhu's Assorted Antiques.
 37571 | Vaults:3 | Reached skill level 13 in Shields
 37576 | Vaults:3 | Reached skill level 21 in Fighting
 37576 | Vaults:3 | Reached XP level 20. HP: 176/178 MP: 29/29
 37603 | Vaults:3 | Got the Volume of the Nasty Undead
 37690 | Vaults:3 | Identified the +2 arbalest "Keibruy" {penet, Will+ SInv}
 37816 | Vaults:3 | Identified the +7 mace of Syum {spect, Int+5 Dex+4}
 37829 | Vaults:3 | Identified the +9 morningstar "Rimm" {heavy, Str+3 Int+5}
 37917 | Vaults:3 | Found a staircase to the Crypt.
 38015 | Vaults:3 | Found Loqunull's Armour Shop.
 38164 | Vaults:3 | Reached skill level 14 in Shields
 38354 | Vaults:3 | Reached skill level 22 in Fighting
 38416 | Vaults:3 | Found Coalahaz's Magic Scroll Shop.
 38635 | Vaults:3 | Reached skill level 15 in Shields
 39229 | Vaults:4 | Reached skill level 16 in Shields
 39337 | Vaults:4 | Reached skill level 23 in Fighting
 39629 | Vaults:4 | Reached skill level 17 in Shields
 40059 | Depths:1 | Entered Level 1 of the Depths
 40081 | Depths:1 | Reached XP level 21. HP: 191/191 MP: 30/30
 40267 | Depths:1 | Reached skill level 18 in Shields
 40282 | Depths:1 | Reached skill level 24 in Fighting
 40558 | Depths:1 | Found a one-way gate leading to the halls of Pandemonium.
 40558 | Depths:1 | Gained mutation: You are occasionally teleported next to
                  | monsters. [a cacodemon]
 40573 | Depths:1 | Lost mutation: You are occasionally teleported next to
                  | monsters. [potion of mutation]
 40573 | Depths:1 | Gained mutation: You are dopey. (Int -2) [potion of
                  | mutation]
 40602 | Depths:1 | Lost mutation: You are dopey. (Int -2) [potion of mutation]
 40602 | Depths:1 | Gained mutation: You are covered in fur. (AC +1) [potion of
                  | mutation]
 40641 | Depths:1 | Found a stormy altar of Qazlal.
 40978 | Depths:1 | Identified the ring "Enennuh" {Contam rElec rN+ Int+4}
 40986 | Depths:1 | Reached skill level 19 in Shields
 41031 | Depths:1 | Identified a +0 robe of resistance
 41206 | Depths:1 | Reached skill level 25 in Fighting
 41400 | Depths:1 | Reached skill level 20 in Shields
 41475 | Depths:1 | Found a gateway to Hell.
 41583 | Depths:1 | Got the Folio of Conjuring
 41657 | Depths:1 | Found a basalt altar of Yredelemnul.
 42008 | Hell     | Entered the Vestibule of Hell
 42008 | Hell     | Noticed Geryon
 42781 | Depths:2 | Reached skill level 26 in Fighting
 43209 | Depths:2 | Identified the +8 morningstar "Cuxu" {vamp, Dex+3}
 43452 | Depths:2 | Reached XP level 22. HP: 207/207 MP: 31/31
 43789 | Depths:3 | Found a one-way gateway to a ziggurat.
 43916 | Depths:3 | Found Gad Kaptipno's Book Shoppe.
 43916 | Depths:3 | Found Gosmef's Jewellery Boutique.
 43917 | Depths:3 | Found Hioth's Book Shoppe.
 43923 | Depths:3 | Bought a manual of Armour for 880 gold pieces
 43965 | Depths:3 | Found a corrupted altar of Lugonu.
 44018 | Depths:3 | Identified a scarf of resistance
 44030 | Depths:3 | Reached skill level 18 in Armour
 44075 | Depths:3 | Noticed a golden dragon
 44207 | Depths:3 | Killed a golden dragon
 44224 | Depths:3 | Reached skill level 27 in Fighting
 44443 | Depths:3 | Reached skill level 19 in Armour
 44476 | Depths:3 | Identified the staff of earth "Umuuh" {rPois rF++ Will-
                  | Int-5}
 44656 | Depths:3 | Noticed a golden dragon
 44666 | Depths:3 | Killed a golden dragon
 44722 | Depths:3 | Got the Precepts of Toxicity and the Salvo
 44728 | Depths:3 | Identified a +2 crystal plate armour
 45299 | Snake:2  | Bought the ring "Ponuyt" {Wiz rElec rPois rN+ Will+ Dex-4}
                  | for 694 gold pieces
 45669 | Depths:3 | Identified the staff of conjuration "Ofykhyr" {rF+ rC-
                  | Int+3}
 45852 | Depths:3 | Noticed a golden dragon
 45864 | Depths:3 | Killed a golden dragon
 45890 | Depths:3 | Reached skill level 21 in Shields
 46334 | Depths:4 | Entered Level 4 of the Depths
 46486 | Depths:4 | Found Geeshran's Assorted Antiques.
 46493 | Depths:4 | Reached skill level 20 in Armour
 46496 | Depths:4 | Found Kaigoi's Assorted Antiques.
 46496 | Depths:4 | Found Geediot's Antique Weapon Emporium.
 46508 | Depths:4 | Found Joxegh's Magic Scroll Shoppe.
 46551 | Depths:4 | Bought a scroll of teleportation for 30 gold pieces
 46601 | Depths:4 | Found an ornate altar of the Wu Jian Council.
 46746 | Depths:4 | Noticed a golden dragon
 46756 | Depths:4 | Killed a golden dragon
 46915 | Depths:4 | Found a gate to the Realm of Zot.
 47097 | Depths:4 | Noticed a caustic shrike
 47097 | Depths:4 | Noticed a caustic shrike
 47097 | Depths:4 | Noticed a caustic shrike
 47097 | Depths:4 | Noticed a caustic shrike
 47097 | Depths:4 | Noticed a caustic shrike
 47105 | Depths:4 | Killed a caustic shrike
 47111 | Depths:4 | Killed a caustic shrike
 47112 | Depths:4 | Killed a caustic shrike
 47116 | Depths:4 | Killed a caustic shrike
 47126 | Depths:4 | Killed a caustic shrike
 47127 | Depths:4 | Reached skill level 22 in Shields
 47630 | Depths:4 | Noticed a golden dragon
 47646 | Depths:4 | Killed a golden dragon
 48097 | Elf:1    | Entered Level 1 of the Elven Halls
 48314 | Elf:1    | Reached skill level 21 in Armour
 48314 | Elf:1    | Reached XP level 23. HP: 216/216 MP: 33/33
 48681 | Elf:1    | Got the Enchiridion on Malignant Mysteries
 48931 | Elf:2    | Paralysed by an air elemental for 1 turns
 48933 | Elf:2    | Paralysed by an air elemental for 1 turns
 49012 | Elf:2    | Reached skill level 15 in Invocations
 49147 | Elf:2    | Found a runed translucent gate.
 49148 | Elf:2    | Found a runed translucent gate.
 49415 | Elf:2    | Found a runed translucent gate.
 49742 | Elf:2    | Reached skill level 23 in Shields
 49895 | Elf:3    | Entered Level 3 of the Elven Halls
 49963 | Elf:3    | Found Genauno's Jewellery Emporium.
 50034 | Elf:3    | Noticed Bai Suzhen
 50051 | Elf:3    | Killed Bai Suzhen
 50441 | Elf:3    | Reached skill level 22 in Armour
 51460 | Elf:3    | Identified the +6 flail of Luod {freeze, Stlth+}
 51460 | Elf:3    | Identified the +1 robe of the Tundras {Dex+2}
 51595 | Elf:3    | Identified the staff of earth "Edusodd" {Str+3 Int-4 Dex+6}
 51597 | Elf:3    | Identified the staff of earth "Balixao" {Dex+3}
 51602 | Elf:3    | Got the Grimoire of the Stinger
 51654 | Elf:3    | Identified the staff of earth "Plog" {rN+}
 51662 | Elf:3    | Identified the +1 dagger "Nol Kaom" {flame, *Slow rElec
                  | rF+++ rC-}
 52055 | Slime:1  | Entered Level 1 of the Pits of Slime
 52249 | Slime:2  | Reached skill level 16 in Invocations
 52344 | Slime:5  | Entered Level 5 of the Pits of Slime
 52754 | Slime:5  | Reached skill level 11 in Dodging
 52759 | Slime:5  | Noticed the Royal Jelly
 52760 | Slime:5  | Reached skill level 24 in Shields
 52819 | Slime:5  | Killed the Royal Jelly
 52869 | Slime:5  | Gained mutation: Armour fits poorly on your strangely
                  | shaped body. [a shining eye]
 53216 | Slime:5  | Got a slimy rune of Zot
 53912 | Zot:1    | Entered Level 1 of the Realm of Zot
 53927 | Zot:1    | Noticed a Killer Klown
 53937 | Zot:1    | Noticed a Killer Klown
 53939 | Zot:1    | Killed a Killer Klown
 53960 | Zot:1    | Killed a Killer Klown
 53961 | Zot:1    | Reached skill level 23 in Armour
 53961 | Zot:1    | Reached skill level 12 in Dodging
 53961 | Zot:1    | Reached XP level 24. HP: 142/224 MP: 34/34
 54222 | Zot:1    | You fall into a shaft and drop 1 floor!
 54249 | Zot:2    | HP: 16/224 [death cob (19)]
 54250 | Zot:2    | HP: 4/224 [something/bolt of lightning[a green draconian
                  | monk] (9)]
 55247 | Vaults:2 | Bought a potion of haste for 150 gold pieces
 55247 | Vaults:2 | Bought a potion of berserk rage for 75 gold pieces
 55247 | Vaults:2 | Bought a potion of mutation for 120 gold pieces
 55557 | Zot:1    | Noticed a Killer Klown
 55623 | Depths:4 | Killed a Killer Klown
 55930 | Zot:2    | Noticed an orb of fire
 55950 | Zot:2    | Gained mutation: Your spells are a little harder to cast,
                  | but a little more powerful. [an orb of fire]
 55957 | Zot:2    | Gained mutation: You sometimes lose your temper in combat.
                  | [an orb of fire]
 55965 | Zot:2    | Gained mutation: You occasionally shout uncontrollably at
                  | your foes. [an orb of fire]
 55967 | Zot:2    | Killed an orb of fire
 55968 | Zot:2    | Reached skill level 21 in Axes
 56797 | Zot:2    | Noticed a curse toe
 56813 | Zot:2    | Killed a curse toe
 56829 | Zot:2    | Noticed a curse toe
 56838 | Zot:2    | Killed a curse toe
 56851 | Zot:2    | Noticed a curse toe
 56853 | Zot:2    | Paralysed by you for 3 turns
 56869 | Zot:2    | Killed a curse toe
 56870 | Zot:2    | Reached skill level 13 in Dodging
 57044 | Zot:2    | Noticed a curse toe
 57074 | Zot:2    | Killed a curse toe
 57075 | Zot:2    | Reached skill level 22 in Axes
 57380 | Zot:2    | Noticed a curse toe
 57406 | Zot:2    | Killed a curse toe
 58416 | Zot:3    | Noticed Vv
 58442 | Zot:3    | Killed Vv
 59060 | Zot:3    | Reached skill level 14 in Dodging
 59546 | Zot:3    | Lost mutation: Your spells are a little harder to cast, but
                  | a little more powerful. [potion of mutation]
 59546 | Zot:3    | Lost mutation: You are covered in fur. (AC +1) [potion of
                  | mutation]
 59546 | Zot:3    | Lost mutation: You occasionally shout uncontrollably at
                  | your foes. [potion of mutation]
 59546 | Zot:3    | Gained mutation: Your body sometimes deteriorates upon
                  | taking damage. [potion of mutation]
 59546 | Zot:3    | Gained mutation: Your spells are a little easier to cast,
                  | but a little less powerful. [potion of mutation]
 59546 | Zot:3    | Gained mutation: You have a pair of large horns on your
                  | head. [potion of mutation]
 59547 | Zot:3    | Lost mutation: Your body sometimes deteriorates upon taking
                  | damage. [potion of mutation]
 59547 | Zot:3    | Lost mutation: You have a pair of large horns on your head.
                  | [potion of mutation]
 59547 | Zot:3    | Lost mutation: Your spells are a little easier to cast, but
                  | a little less powerful. [potion of mutation]
 59547 | Zot:3    | Gained mutation: Your system is resistant to poisons.
                  | (rPois) [potion of mutation]
 59547 | Zot:3    | Gained mutation: You occasionally lose the ability to drink
                  | potions when taking damage. [potion of mutation]
 59547 | Zot:3    | Gained mutation: Your flesh is heat resistant. (rF+)
                  | [potion of mutation]
 59548 | Zot:3    | Lost mutation: You sometimes lose your temper in combat.
                  | [potion of mutation]
 59548 | Zot:3    | Lost mutation: You occasionally lose the ability to drink
                  | potions when taking damage. [potion of mutation]
 59548 | Zot:3    | Lost mutation: Armour fits poorly on your strangely shaped
                  | body. [potion of mutation]
 59548 | Zot:3    | Gained mutation: You are occasionally teleported next to
                  | monsters. [potion of mutation]
 59548 | Zot:3    | Gained mutation: You are frail. (-10% HP) [potion of
                  | mutation]
 59548 | Zot:3    | Gained mutation: Your mind is acute. (Int +4, Str/Dex -1)
                  | [potion of mutation]
 59797 | Depths:3 | Lost mutation: Your system is resistant to poisons. (rPois)
                  | [potion of mutation]
 59797 | Depths:3 | Lost mutation: Your flesh is heat resistant. (rF+) [potion
                  | of mutation]
 59797 | Depths:3 | Gained mutation: Your spells are a little harder to cast,
                  | but a little more powerful. [potion of mutation]
 60809 | Zot:4    | Reached skill level 23 in Axes
 61496 | Hell     | Reached skill level 15 in Dodging
 61807 | Zot:4    | Lost mutation: You are frail. (-10% HP) [potion of
                  | mutation]
 61807 | Zot:4    | Lost mutation: Your spells are a little harder to cast, but
                  | a little more powerful. [potion of mutation]
 61807 | Zot:4    | Gained mutation: You are clumsy. (Dex -2) [potion of
                  | mutation]
 61808 | Zot:4    | Lost mutation: You are clumsy. (Dex -2) [potion of
                  | mutation]
 61808 | Zot:4    | Lost mutation: Your mind is acute. (Int +4, Str/Dex -1)
                  | [potion of mutation]
 61808 | Zot:4    | Gained mutation: Your mind is acute. (Int +4, Str/Dex -1)
                  | [potion of mutation]
 61808 | Zot:4    | Gained mutation: You have supernaturally acute eyesight.
                  | (SInv) [potion of mutation]
 61809 | Zot:4    | Lost mutation: You are occasionally teleported next to
                  | monsters. [potion of mutation]
 61809 | Zot:4    | Lost mutation: You have supernaturally acute eyesight.
                  | (SInv) [potion of mutation]
 61809 | Zot:4    | Lost mutation: Your mind is acute. (Int +4, Str/Dex -1)
                  | [potion of mutation]
 61809 | Zot:4    | Gained mutation: Your muscles are strong. (Str +4, Int/Dex
                  | -1) [potion of mutation]
 61809 | Zot:4    | Gained mutation: You are somewhat resistant to further
                  | mutation. [potion of mutation]
 61851 | Zot:5    | Entered Level 5 of the Realm of Zot
 61854 | Zot:5    | Noticed a curse toe
 61977 | Zot:5    | Reached XP level 25. HP: 221/228 MP: 34/34
 62555 | Zot:5    | Noticed a Killer Klown
 62563 | Zot:5    | Killed a Killer Klown
 62582 | Zot:5    | Killed a curse toe
 62709 | Zot:5    | Found a runed translucent door.
 62709 | Zot:5    | Noticed wilo's ghost (master MfBe)
 62923 | Zot:5    | Reached skill level 24 in Axes
 64506 | Zot:5    | Noticed an electric golem
 64519 | Zot:5    | Killed an electric golem
 64632 | Zot:5    | Reached skill level 24 in Armour
 64662 | Zot:5    | Noticed an electric golem
 65378 | Zot:5    | Found a runed translucent door.
 65847 | Zot:5    | Found a runed translucent door.
 66296 | Zot:5    | Killed an electric golem
 66331 | Zot:5    | Noticed an orb of fire
 66357 | Zot:5    | Killed an orb of fire
 66599 | Zot:5    | Noticed a Killer Klown
 66602 | Zot:5    | Noticed an orb of fire
 66604 | Zot:5    | Noticed an orb of fire
 66739 | Zot:5    | Killed a Killer Klown
 66855 | Zot:5    | Killed an orb of fire
 67326 | Zot:5    | Killed an orb of fire
 68085 | Zot:5    | Noticed an orb of fire
 68108 | Zot:5    | Killed an orb of fire
 68109 | Zot:5    | Reached skill level 25 in Axes
 68110 | Zot:5    | Noticed an orb of fire
 68149 | Zot:5    | Noticed an orb of fire
 68154 | Zot:5    | Noticed an orb of fire
 68374 | Zot:5    | Gained mutation: You sometimes lose your temper in combat.
                  | [an orb of fire]
 68385 | Zot:5    | Killed an orb of fire
 68392 | Zot:5    | Killed an orb of fire
 68401 | Zot:5    | Killed an orb of fire
 68634 | Zot:5    | Noticed a Killer Klown
 68656 | Zot:5    | Killed a Killer Klown
 68752 | Zot:5    | Reached skill level 25 in Armour
 69135 | Zot:5    | Got the Orb of Zot
 69270 | Zot:3    | Noticed Xumpu the pandemonium lord
 69743 | D:5      | Noticed Daosiw the pandemonium lord
 69781 | D:3      | Noticed Natasha
 69784 | D:3      | Killed Natasha
 69859 | D:$      | Escaped with the Orb!

Vanquished Creatures
  the Royal Jelly (Slime:5)
  8 orbs of fire
  Vv (Zot:3)
  4 Killer Klowns
  5 curse toes
  Bai Suzhen (Elf:3)
  5 caustic shrikes (Depths:4)
  10 golden dragons
  2 electric golems (Zot:5)
  Rupert (D:13)
  5 liches
  10 tentacled monstrosities
  2 walking earthen tomes (Depths:1)
  3 deep elf blademasters (Elf:3)
  Jorgrun (Orc:1)
  3 deep elf master archers
  A walking divine tome (Depths:2)
  A walking crystal tome (Depths:1)
  A titan (Depths:1)
  18 Orb Guardians
  3 quicksilver dragons
  A walking frostbound tome (Depths:3)
  Asterion (Snake:3)
  2 Executioners
  3 death cobs
  9 acid blobs
  A sphinx (Depths:1)
  13 storm dragons
  5 shadow dragons
  5 thorn hunters
  4 nagarajas (Snake:4)
  7 rockslimes
  6 tengu reavers
  4 draconian knights
  Donald (Swamp:3)
  7 azure jellies
  8 fire giants
  8 draconian monks
  A fenstrider witch (WizLab)
  A ghost moth (Zot:4)
  An iron dragon (Depths:3)
  A deep elf sorcerer (Elf:3)
  Aizul (Snake:3)
  2 draconian scorchers
  5 spectral caustic shrikes (Depths:1)
  4 deep elf elementalists (Elf:3)
  4 vault wardens
  2 orc warlords
  10 frost giants
  A cacodemon (Depths:1)
  Louise (Snake:3)
  13 ironbound preservers
  4 draconian shifters
  6 draconian annihilators
  2 spriggan defenders
  A demonspawn blood saint (Zot:1)
  12 stone giants
  2 draconian stormcallers
  3 quicksilver oozes (Slime:5)
  A war gargoyle (Vaults:4)
  6 ironbound thunderhulks
  A hydra skeleton (Swamp:4)
  19 very ugly things
  An eleionoma (WizLab)
  9 green draconians
  8 black draconians
  6 vampire knights
  5 purple draconians
  Azrael (D:15)
  7 deep elf annihilators (Elf:3)
  2 deep elf demonologists
  3 white draconians
  3 bunyips
  A lorocyproca (Depths:4)
  4 spark wasps
  11 dire elephants
  12 yellow draconians
  2 blizzard demons
  6 fire dragons
  8 red draconians
  11 deep elf death magi
  10 ettins
  A crystal guardian (Vaults:3)
  2 entropy weavers (Vaults:4)
  2 jiangshi (Depths:3)
  3 deep elf high priests
  3 shambling mangroves
  10 hydras
  5 great orbs of eyes
  A hell beast (D:15)
  7 yaktaur captains
  A spriggan zombie (Hell)
  10 ice dragons
  4 rakshasas
  2 ghost crabs
  A peacekeeper (Vaults:3)
  2 vault guards (Vaults:3)
  5 spriggan air magi
  7 anacondas
  An ogre mage (Vaults:4)
  2 death knights (Vaults:3)
  8 centaur warriors
  12 ironbound frosthearts
  16 dancing weapons
  9 two-headed ogres
  3 alligators (Swamp:3)
  9 deep troll earth magi
  4 death yaks (Lair:3)
  4 tengu warriors
  8 deep troll shamans
  3 orc high priests (Orc:2)
  5 satyrs (WizLab)
  Urug (D:13)
  6 spriggan berserkers
  A vampire mage (Depths:1)
  9 deep elf knights
  20 naga sharpshooters
  8 shock serpents
  A soul eater (Depths:2)
  13 naga warriors
  3 hell knights
  2 sun demons
  A sixfirhy (Hell)
  3 skeletal warriors (D:13)
  5 iron trolls
  5 salamander mystics
  A deep troll (shapeshifter) (Depths:2)
  A shadow demon (Zot:1)
  3 goliath frogs
  A sea snake (Snake:2)
  7 spriggan druids
  3 glowing orange brains
  4 deep elf archers
  2 orb spiders (Zot:4)
  4 bog bodies
  48 deep trolls
  4 swamp dragons
  6 orc knights
  4 naga ritualists
  A spectral hydra (Swamp:4)
  A bunyip skeleton (Hell)
  3 necromancers
  10 wizards
  5 harpies (Vaults:3)
  7 ironbound convokers
  7 lindwurms
  16 deep elf pyromancers
  3 phantasmal warriors
  A manticore (shapeshifter) (Vaults:2)
  3 oklob plants
  4 fauns (WizLab)
  13 deep elf zephyrmancers
  4 will-o-the-wisps
  A fire giant zombie (Depths:1)
  31 ugly things
  3 manticores
  13 mana vipers
  6 orc sorcerers
  3 cyclopes
  A shining eye (Slime:4)
  13 salamanders
  2 centaur zombies (D:15)
  3 rust devils
  8 elephants
  20 moths of wrath
  13 vault sentinels
  5 guardian serpents
  8 apocalypse crabs (Zot:2)
  16 naga magi
  33 black mambas
  A demonic crawler (Depths:4)
  A dire elephant zombie (Hell)
  2 eyes of devastation
  An orange demon (Depths:2)
  4 cane toads
  2 centaur skeletons (D:15)
  A cane toad (shapeshifter) (D:14)
  A gargoyle (D:13)
  A rime drake (Lair:4)
  4 komodo dragons
  2 freezing wraiths
  25 yaktaurs
  3 ice devils
  An efreet (Zot:2)
  6 tengu conjurers
  A hydra zombie (Swamp:4)
  2 red devils
  8 trolls
  2 hellwings
  2 polar bears
  3 meliai (D:13)
  18 hornets
  A tarantella (Zot:4)
  2 death drake zombies (Swamp:4)
  A bloated husk (Swamp:2)
  A wolf spider simulacrum (D:15)
  6 tyrant leeches
  A dream sheep (Lair:5)
  5 blink frogs
  A death drake skeleton (Swamp:4)
  6 water elementals
  2 air elementals (Elf:2)
  17 spriggans
  A jumping spider (Zot:4)
  30 slime creatures
  2 ynoxinuls (Depths:2)
  2 wraiths
  4 wyverns
  35 yaks
  4 golden eyes (Slime:4)
  Eustachio (D:4)
  4 hogs (Swamp:1)
  14 humans
  2 shadows
  2 chaos spawn
  5 fire elementals
  A neqoxec (Depths:1)
  2 redbacks (Vaults:4)
  A steam dragon (D:8)
  12 vampire mosquitoes
  4 large abominations
  A warg (D:6)
  7 hell hounds
  43 nagas
  9 swamp worms
  3 hydra simulacra (Swamp:4)
  7 water moccasins
  21 orc warriors
  4 hexers
  5 swamp drakes
  3 black bears
  20 wolves
  12 ogres
  3 swamp dragon zombies (Swamp:4)
  5 boggarts
  3 centaurs
  5 phantoms
  4 elf zombies (Elf:1)
  4 kobold brigands
  5 scorpions
  9 bullfrogs
  An earth elemental (Elf:1)
  6 wights (D:8)
  Dowan (D:5)
  2 troll zombies (D:10)
  3 killer bees (D:10)
  6 howler monkeys
  4 vampire bats (Bailey)
  5 wolf zombies (Bailey)
  7 electric eels
  3 gnoll boudas
  7 hounds
  A jelly (D:5)
  19 orc priests
  3 iguanas
  Natasha (thrice) (D:3)
  15 orc wizards
  3 ogre zombies (D:10)
  8 gnolls
  9 adders
  A worm (D:2)
  2 dart slugs
  65 orcs
  4 ball pythons
  3 bats
  9 endoplasms
  A giant cockroach (D:3)
  6 goblins
  5 hobgoblins (D:1)
  2 jackals (D:1)
  20 kobolds
  3 quokkas
  A goblin zombie (D:10)
  4 hobgoblin zombies (D:10)
  4 orc skeletons (D:10)
  26 orc zombies
  8 rats
  2 spectral weapons
1663 creatures vanquished.

Vanquished Creatures (collateral kills)
  2 Killer Klowns (Zot:1)
  Vashnia (Snake:3)
  A curse toe (Zot:2)
  3 golden dragons
  4 tentacled monstrosities
  6 Orb Guardians (Zot:5)
  A walking frostbound tome (Depths:3)
  A deep elf master archer (WizLab)
  A deep elf blademaster (Elf:2)
  A quicksilver dragon (Zot:2)
  An acid blob (Slime:1)
  2 death cobs
  3 shadow dragons
  Kirke (Swamp:1)
  2 thorn hunters
  2 nagarajas
  2 storm dragons
  A fire giant (Depths:1)
  A draconian knight (Zot:2)
  2 fenstrider witches (WizLab)
  A rockslime (Slime:5)
  A deep elf sorcerer (Elf:3)
  A frost giant (Depths:1)
  A draconian scorcher (Zot:3)
  A vault warden (Vaults:3)
  A ghost moth (Zot:4)
  A very ugly thing (Depths:4)
  A draconian stormcaller (Zot:5)
  5 draconian shifters
  2 stone giants
  An ironbound thunderhulk (Vaults:2)
  3 ironbound preservers
  3 green draconians
  2 red draconians
  2 yellow draconians
  5 bunyips
  2 purple draconians
  2 deep elf annihilators
  3 dire elephants
  3 ettins
  4 yaktaur captains
  A shambling mangrove (WizLab)
  An ice dragon (Depths:1)
  A deep elf high priest (Elf:3)
  3 great orbs of eyes
  6 hydras
  2 spriggan air magi
  3 boulder beetles
  3 ironbound frosthearts
  A vault guard (Vaults:3)
  A two-headed ogre (D:12)
  2 alligators
  3 centaur warriors
  8 dancing weapons
  A satyr (WizLab)
  A deep troll earth mage (Depths:4)
  A tengu warrior (Depths:2)
  A death yak (Lair:3)
  2 naga warriors
  4 naga sharpshooters
  2 sun demons
  4 deep elf knights
  2 skeletal warriors (D:13)
  A flayed ghost (Depths:1)
  2 naga ritualists (Snake:1)
  3 deep trolls
  3 ironbound convokers
  4 wizards
  2 deep elf archers
  A lindwurm (Vaults:2)
  2 bog bodies
  A steelbarb worm (shapeshifter) (Depths:4)
  5 deep elf pyromancers
  2 mana vipers
  A phantasmal warrior (Depths:3)
  An oklob plant (Swamp:4)
  10 ugly things
  A cyclops (D:6)
  2 necromancers
  2 deep elf zephyrmancers (Elf:1)
  An orc sorcerer (Elf:1)
  A salamander (Snake:4)
  A shining eye (Slime:4)
  10 moths of wrath
  6 elephants
  A manticore (D:15)
  A smoke demon (Depths:2)
  Maurice (D:8)
  7 black mambas
  A guardian serpent (Snake:3)
  5 cane toads
  4 vault sentinels
  6 naga magi
  2 gargoyles
  Maggie (D:6)
  A komodo dragon (shapeshifter) (D:14)
  A hexer (Elf:3)
  2 rime drakes
  3 unseen horrors
  4 komodo dragons
  A yaktaur (Vaults:4)
  A troll (D:12)
  2 tyrant leeches
  A tarantella (Vaults:4)
  3 polar bears
  A hydra skeleton (Swamp:4)
  2 blink frogs (Lair:5)
  A hornet (Zot:4)
  A jumping spider (Zot:4)
  Sigmund (D:6)
  16 slime creatures
  3 spriggans (Lair:5)
  A vampire (Bailey)
  3 wyverns
  A fire elemental (D:15)
  3 water elementals
  10 humans
  20 yaks
  3 basilisks
  2 golden eyes (Slime:4)
  A large abomination (Depths:4)
  A steam dragon (D:8)
  4 vampire mosquitoes
  A basilisk (shapeshifter) (Depths:3)
  8 nagas
  3 swamp worms
  A warg (D:6)
  8 water moccasins
  A glowing shapeshifter zombie (Depths:1)
  2 hydra simulacra (Swamp:4)
  9 orc warriors
  Duvessa (D:5)
  3 swamp drakes
  3 black bears (Lair:5)
  An ice beast (D:8)
  2 boggarts
  10 wolves (Lair:5)
  5 ogres
  A swamp dragon skeleton (Swamp:4)
  A phantom (D:5)
  A gnoll sergeant (D:6)
  3 kobold brigands
  An earth elemental (Elf:1)
  A bullfrog (D:9)
  A scorpion (Lair:3)
  2 wights (D:8)
  A troll zombie (D:10)
  6 killer bees
  A vampire bat (Bailey)
  4 electric eels
  A wolf zombie (Bailey)
  3 howler monkeys (D:6)
  A jelly (D:6)
  4 hounds (D:6)
  A gnoll bouda (D:7)
  6 orc priests
  3 iguanas
  9 orc wizards
  9 gnolls
  22 orcs
  A goblin (D:8)
  5 kobolds
  7 orc zombies (Bailey)
473 creatures vanquished.

Vanquished Creatures (others)
  A tentacled monstrosity (Zot:1)
  A lich (Depths:3)
  A black draconian (Zot:3)
  An ice dragon (Depths:1)
  A vampire mage (Depths:3)
  2 bloated husks
  A human (Swamp:1)
  A naga (Snake:4)
  57 hexers
  An ancestor (D:5)
  A white imp (D:7)
  2 orcs (Orc:2)
  20 foxfires
90 creatures vanquished.

Grand Total: 2226 creatures vanquished

Table legend: (Time is in decaauts)
 A = Elapsed time spent in this place.
 B = Non-inter-level travel time spent in this place.
 C = Inter-level travel time spent in this place.
 D = Time resting spent in this place.
 E = Time spent auto-exploring this place.
 F = Levels seen in this place.
 G = Mean time per level.
                   A        B        C        D        E       F      G
               +--------+--------+--------+--------+--------+-----+--------+
         Total |  69077 |  57537 |  11540 |  11541 |  31344 |  56 | 1233.5 |
       Dungeon |  18506 |  15973 |   2533 |   2130 |  10392 |  15 | 1233.7 |
        Temple |    194 |     96 |     98 |      0 |     73 |   1 |  194.0 |
          Lair |   6599 |   5632 |    967 |    606 |   3638 |   5 | 1319.8 |
         Swamp |   3441 |   3047 |    394 |    847 |   1289 |   4 |  860.2 |
     Snake Pit |   4987 |   3688 |   1299 |    423 |   1947 |   4 | 1246.8 |
    Slime Pits |   1319 |   1262 |     57 |    844 |      0 |   5 |  263.8 |
  Orcish Mines |   1272 |   1055 |    217 |    105 |    512 |   2 |  636.0 |
   Elven Halls |   3644 |   3129 |    515 |    387 |   1958 |   3 | 1214.7 |
        Vaults |   5339 |   4762 |    577 |    386 |   3309 |   4 | 1334.8 |
        Depths |   8759 |   6973 |   1786 |   1207 |   4154 |   4 | 2189.8 |
          Hell |     22 |     22 |      0 |      0 |      0 |   1 |   22.0 |
           Zot |  13441 |  10347 |   3094 |   4489 |   3116 |   5 | 2688.2 |
        Bazaar |     26 |     26 |      0 |      0 |     21 |   1 |   26.0 |
        Bailey |    788 |    788 |      0 |      0 |    550 |   1 |  788.0 |
        Wizlab |    733 |    733 |      0 |    115 |    382 |   1 |  733.0 |
               +--------+--------+--------+--------+--------+-----+--------+

Top non-repeatable levels by time:
   Zot:5: 6475 daAuts
Depths:4: 2719 daAuts
Depths:3: 2417 daAuts
     D:6: 2397 daAuts
    D:13: 2263 daAuts
   Zot:2: 2066 daAuts
Depths:1: 1989 daAuts
   Zot:3: 1881 daAuts
   Zot:1: 1733 daAuts
   Elf:3: 1721 daAuts
  Lair:5: 1670 daAuts
Vaults:2: 1667 daAuts
Depths:2: 1633 daAuts
    D:10: 1586 daAuts
     D:7: 1458 daAuts

Table legend:
 A = Non-vault XP
 B = Vault XP
 C = Vault XP percentage of total XP
 D = Non-vault monster count
 E = Vault monster count
 F = Vault count percentage of total count
                 A         B        C        D         E       F
            +---------+---------+-------+---------+---------+-------
      Total |  639466 |  610430 |  48.8 |    1207 |     900 |  42.7
            +---------+---------+-------+---------+---------+-------
        D:1 |      46 |       0 |   0.0 |      25 |       0 |   0.0
        D:2 |      67 |       0 |   0.0 |      12 |       0 |   0.0
        D:3 |     263 |      36 |  12.0 |      17 |       1 |   5.6
        D:4 |     403 |     204 |  33.6 |      11 |       2 |  15.4
        D:5 |     811 |     204 |  20.1 |      17 |       2 |  10.5
        D:6 |     637 |    4080 |  86.5 |      13 |      57 |  81.4
        D:7 |     759 |       0 |   0.0 |      22 |       0 |   0.0
        D:8 |    1331 |     453 |  25.4 |      21 |       5 |  19.2
        D:9 |     718 |    2208 |  75.5 |      17 |      12 |  41.4
       D:10 |    2488 |     707 |  22.1 |      33 |      28 |  45.9
       D:11 |    3347 |       0 |   0.0 |      14 |       0 |   0.0
       D:12 |    7240 |       0 |   0.0 |      16 |       0 |   0.0
       D:13 |   11265 |    7455 |  39.8 |      20 |      21 |  51.2
       D:14 |    2834 |       0 |   0.0 |       7 |       0 |   0.0
       D:15 |   10398 |    7332 |  41.4 |      21 |      19 |  47.5
     Lair:1 |    3594 |     775 |  17.7 |      11 |       2 |  15.4
     Lair:2 |    7543 |       0 |   0.0 |      32 |       0 |   0.0
     Lair:3 |   11002 |    2381 |  17.8 |      30 |       4 |  11.8
     Lair:4 |    7852 |       0 |   0.0 |      27 |       0 |   0.0
     Lair:5 |   10729 |    8709 |  44.8 |      37 |      47 |  56.0
    Swamp:1 |   16082 |    2191 |  12.0 |      34 |       5 |  12.8
    Swamp:2 |    6073 |       0 |   0.0 |      15 |       0 |   0.0
    Swamp:3 |   15207 |    5052 |  24.9 |      28 |       6 |  17.6
    Swamp:4 |    6578 |   21613 |  76.7 |      10 |      38 |  79.2
    Snake:1 |    8691 |   10405 |  54.5 |      17 |      20 |  54.1
    Snake:2 |   18755 |   11350 |  37.7 |      37 |      25 |  40.3
    Snake:3 |   21242 |   10034 |  32.1 |      39 |       8 |  17.0
    Snake:4 |   13765 |   19535 |  58.7 |      30 |      35 |  53.8
    Slime:1 |    7276 |       0 |   0.0 |      16 |       0 |   0.0
    Slime:2 |    6551 |       0 |   0.0 |      18 |       0 |   0.0
    Slime:3 |     704 |       0 |   0.0 |       3 |       0 |   0.0
    Slime:4 |    3491 |       0 |   0.0 |       9 |       0 |   0.0
    Slime:5 |    3310 |   22770 |  87.3 |       3 |      12 |  80.0
      Orc:1 |    2936 |    4303 |  59.4 |      36 |       4 |  10.0
      Orc:2 |    2818 |    7412 |  72.5 |      40 |      54 |  57.4
      Elf:1 |   11744 |    6525 |  35.7 |      19 |      15 |  44.1
      Elf:2 |    6371 |   25262 |  79.9 |      12 |      32 |  72.7
      Elf:3 |   11173 |   36071 |  76.4 |      22 |      31 |  58.5
   Vaults:1 |   17613 |   12513 |  41.5 |      25 |      18 |  41.9
   Vaults:2 |   14033 |   21089 |  60.0 |      22 |      28 |  56.0
   Vaults:3 |   15512 |   30926 |  66.6 |      25 |      41 |  62.1
   Vaults:4 |   32493 |   28624 |  46.8 |      47 |      37 |  44.0
   Depths:1 |   24521 |   70820 |  74.3 |      28 |      72 |  72.0
   Depths:2 |   20685 |   15132 |  42.2 |      34 |      19 |  35.8
   Depths:3 |   37070 |   37439 |  50.2 |      42 |      31 |  42.5
   Depths:4 |   35882 |   23761 |  39.8 |      30 |      19 |  38.8
       Hell |    3517 |     457 |  11.5 |       5 |       1 |  16.7
      Zot:1 |   21719 |   11441 |  34.5 |      23 |      16 |  41.0
      Zot:2 |   43285 |   15496 |  26.4 |      31 |      14 |  31.1
      Zot:3 |   29360 |    3057 |   9.4 |      25 |       1 |   3.8
      Zot:4 |   26545 |    4523 |  14.6 |      20 |      11 |  35.5
      Zot:5 |   70547 |   88249 |  55.6 |      57 |      39 |  40.6
     Bailey |       0 |    1347 | 100.0 |       0 |      36 | 100.0
     WizLab |     590 |   28489 |  98.0 |       2 |      32 |  94.1
            +---------+---------+-------+---------+---------+-------
